 Dungeon Crawl Stone Soup version 0.29-a0-322-g68df515428 (console) character file.

Game seed: 10668326625977522975

51 Ignak the Skirmisher (level 3, 0/37 HPs)
             Began as an Ogre Warper on Apr 6, 2022.
             Succumbed to an orc's poison
             ... on level 2 of the Dungeon.
             The game lasted 00:03:02 (2485 turns).

Ignak the Skirmisher (Ogre Warper)                  Turns: 2485, Time: 00:03:03

Health: 0/37       AC:  3    Str: 17    XL:     3   Next: 83%
Magic:  5/7        EV: 10    Int: 14    God:
Gold:   108        SH:  0    Dex:  8    Spells: 3/8 levels left

rFire   . . .      SeeInvis .   a - +0 mace
rCold   . . .      Faith    .   (no shield)
rNeg    . . .      Spirit   .   b - +0 robe
rPois   .          Reflect  .   (helmet restricted)
rElec   .          Harm     .   (no cloak)
rCorr   .          Rampage  .   (gloves unavailable)
Will    .....                   (boots unavailable)
Stlth   +.........              (no amulet)
HPRegen 0.12/turn               (no ring)
MPRegen 0.10/turn               (no ring)

@: lethally poisoned (0 -> -25), on blink cooldown
A: large, unfitting armour, tough skin 1
a: no special abilities


You were on level 2 of the Dungeon.
You visited 1 branch of the dungeon, and saw 3 of its levels.

You collected 108 gold pieces.

Inventory:

Hand Weapons
 a - a +0 mace (weapon)
Missiles
 d - 7 boomerangs of dispersal (quivered)
 n - 4 boomerangs
Armour
 b - a +0 robe (worn)
Scrolls
 c - a scroll of blinking
 e - a scroll of amnesia {unknown}
 i - a scroll of vulnerability {unknown}
 k - a scroll of fear {unknown}
 l - 3 scrolls of identify {unknown}
 m - a scroll of magic mapping {unknown}
Potions
 f - 2 potions of heal wounds {unknown}
 g - 2 potions of brilliance {unknown}
 h - a potion of haste {unknown}
 j - a potion of curing {unknown}
 o - a potion of attraction {unknown}


   Skills:
 * Level 3.3 Fighting
 * Level 2.2 Maces & Flails
 + Level 1.5 Throwing
 + Level 2.4 Dodging
 + Level 3.0 Spellcasting
 + Level 2.9 Translocations


You had 3 spell levels left.
You knew the following spells:

 Your Spells              Type           Power      Damage    Failure   Level
a - Teleport Other        Tloc           10%        N/A       19%         3
b - Blink                 Tloc           20%        N/A       10%         2

Your spell library contained the following spells:

 Spells                   Type           Power      Damage    Failure   Level
 Gell's Gravitas          Tloc           10%        N/A       19%         3
 Lesser Beckoning         Tloc           10%        N/A       19%         3
 Manifold Assault         Tloc           10%        N/A       87%         5


Dungeon Overview and Level Annotations

Branches:
Dungeon (3/15)

Altars:


Innate Abilities, Weirdness & Mutations

You are too large for most types of armour.
You have tough skin. (AC +1)


Message History

The giant cockroach closely misses you.
You hit the giant cockroach but do no damage.
The giant cockroach barely misses you.
The giant cockroach bites you but does no damage.
The giant cockroach attacks as you move away!
The giant cockroach bites you but does no damage.
The giant cockroach closely misses you.
You closely miss the giant cockroach.
The giant cockroach bites you but does no damage. x2
There is a stone staircase leading up here.
You hit the giant cockroach.
The giant cockroach is severely wounded.
The giant cockroach barely misses you. The giant cockroach bites you.
You hit the giant cockroach.
You kill the giant cockroach!
The orc hits you with a +2 dagger of venom.
The quokka bites you but does no damage.
You climb upwards.
There is a stone staircase leading down here.
You barely miss the orc.
The orc hits you with a +2 dagger of venom.
You are poisoned.
You barely miss the orc.
You feel very sick.
The orc hits you with a +2 dagger of venom.
You are more poisoned.
You barely miss the orc.
You feel very sick.
The orc hits you with a +2 dagger of venom.
You are more poisoned.
The orc hits you with a +2 dagger of venom.
You are more poisoned.
You hit the orc but do no damage.
* * * LOW HITPOINT WARNING * * *
You feel extremely sick. The orc barely misses you.
Casting: Teleport Other (quite dangerous; 19% risk of failure)
Confirm with . or Enter, or press ? or * to list all spells.
You blink.
You die...

############ #..........#
##.#...####.# #...........###
#.............#
#.......#.....##
#..........§o..#
#..............#########
###...........@..........##
#.............#..######...##
#.#..########.#............#
###.#..########.##.######....#
...)..).........##.#######.#.#
###.#####..................#.#
..#.#####.#####.##>........#.#
.......†........#########..#.#
#....####.####..# #..#.#


You could see an orc.

Vanquished Creatures
  An adder (D:2)
  A worm (D:2)
  2 dart slugs (D:1)
  6 bats
  3 endoplasms
  4 giant cockroaches
  2 goblins
  2 hobgoblins (D:1)
  2 jackals (D:2)
  2 kobolds
  2 quokkas
  A ball python (D:1)
  A frilled lizard (D:1)
  4 rats
33 creatures vanquished.

Notes
Turn   | Place    | Note
-------+----------+-------------------------------------------
     0 | D:1      | Ignak the Ogre Warper began the quest for the Orb.
     0 | D:1      | Reached XP level 1. HP: 22/22 MP: 3/3
   187 | D:1      | Reached XP level 2. HP: 24/29 MP: 5/5
   255 | D:1      | Learned a level 2 spell: Blink
   567 | D:1      | Found a faded altar of an unknown god.
  1525 | D:2      | Reached XP level 3. HP: 37/37 MP: 7/7
  1529 | D:2      | Learned a level 3 spell: Teleport Other
  2485 | D:2      | Succumbed to an orc's poison

Illustrated notes

Levels and vault maps discovered:
D:1:      lightli_molten_gateway, layout_basic,
          chequers_ecumenical_altar_simple_redux
D:2:      layout_loops_ring
D:3:      layout_rooms, mainiacjoe_overflow_swirl

Skill      XL: |  1  2  3 |
---------------+----------+-----
Fighting       | 3 |  3.3
Maces & Flails | 2 |  2.2
Spellcasting   | 3 |  3.0
Throwing       | |  1.5
Dodging        | |  2.4
Translocations | |  2.9

Action                   || total
-------------------------++-------
Melee: Mace              ||   114
       Punch             ||     2
 Cast: Teleport Other    ||     1
       Blink             ||     1
 Stab: Sleeping          ||     1
Armor: Robe              ||    50
Dodge: Dodged            ||    78

Table legend: (Time is in decaauts)
 A = Elapsed time spent in this place.
 B = Non-inter-level travel time spent in this place.
 C = Inter-level travel time spent in this place.
 D = Time resting spent in this place.
 E = Time spent auto-exploring this place.
 F = Levels seen in this place.
 G = Mean time per level.
                   A        B        C        D        E       F      G
               +--------+--------+--------+--------+--------+-----+--------+
         Total |   2519 |   2501 |     18 |    199 |   1910 |   3 |  839.7 |
       Dungeon |   2519 |   2501 |     18 |    199 |   1910 |   3 |  839.7 |
               +--------+--------+--------+--------+--------+-----+--------+

Top non-repeatable levels by time:
     D:1: 1442 daAuts
     D:2: 982 daAuts
     D:3: 94 daAuts
